 Dungeon Crawl Stone Soup version 0.29.1-4-g47bece8355 (webtiles) character file.

Game seed: 15964365607515855877

51 styxcanada the Sneak (level 3, -4/18 HPs)
             Began as a Spriggan Brigand on Dec 8, 2022.
             Slain by a black bear (5 damage)
             ... on level 3 of the Dungeon.
             The game lasted 00:05:44 (1990 turns).

styxcanada the Sneak (Spriggan Brigand)             Turns: 1990, Time: 00:05:45

Health: -4/18      AC:  5    Str:  7    XL:     3   Next: 58%
Magic:  4/4        EV: 17    Int: 12    God:
Gold:   122        SH:  0    Dex: 18    Spells: 2/2 levels left

rFire   . . .      SeeInvis +   a - +2 dagger
rCold   . . .      Faith    .   (no shield)
rNeg    . . .      Spirit   .   b - +0 robe
rPois   .          Reflect  .   (helmet restricted)
rElec   .          Harm     .   i - +2 cloak {Will+}
rCorr   .          Rampage  .   (gloves unavailable)
Will    +....                   (boots unavailable)
Stlth   ++++......              (no amulet)
HPRegen 0.06/turn               (no ring)
MPRegen 0.09/turn               (no ring)

@: very quick
A: very small, no large weapons, unfitting armour, see invisible, speed 3
a: no special abilities


You were on level 3 of the Dungeon.
You visited 1 branch of the dungeon, and saw 3 of its levels.

You collected 122 gold pieces.

Inventory:

Hand Weapons
 a - a +2 dagger (weapon)
Missiles
 d - 2 poisoned darts (quivered)
 e - 3 curare-tipped darts
 g - 13 stones
Armour
 b - a +0 robe (worn)
 i - a +2 cloak of willpower (worn)
Scrolls
 f - 4 scrolls of identify {unknown}
 h - a scroll of poison {unknown}
 k - a scroll of enchant weapon {unknown}
Potions
 c - a potion of heal wounds {unknown}
 j - a potion of curing {unknown}
 l - a potion of lignification {unknown}


   Skills:
 * Level 1.7 Fighting
 + Level 2.3 Short Blades
 + Level 2.0 Throwing
 * Level 1.8 Dodging
 * Level 7.7 Stealth


You had 2 spell levels left.
You didn't know any spells.
Your spell library was empty.

Dungeon Overview and Level Annotations

Branches:
Dungeon (3/15)

Altars:


Innate Abilities, Weirdness & Mutations

You are very small and have problems with some larger weapons.
You are too small for most types of armour.
You have supernaturally acute eyesight. (SInv)
You cover ground extremely quickly. (Speed+++)


Message History

You see here a poisoned dart.
d - 4 poisoned darts (gained 1)
Found a stone staircase leading down.
Throw: 4 darts (poison)
Press: ? - help, Q - select action, (/) - cycle Shift-Dir - straight line, f/p - black bear
Aim: a black bear (heavily wounded, poisoned, 69% to hit)
You throw a poisoned dart.
The poisoned dart closely misses the black bear.
Throw: 3 darts (poison)
Press: ? - help, Q - select action, (/) - cycle Shift-Dir - straight line, f/p - black bear
Aim: a black bear (heavily wounded, poisoned, 69% to hit)
You throw a poisoned dart. The poisoned dart hits the black bear.
The black bear looks even sicker.
The black bear is heavily wounded.
Found a stone staircase leading down.
d - 3 poisoned darts (gained 1)
You see here 2 poisoned darts.
d - 4 poisoned darts (gained 1) Throw: 4 darts (poison)
Press: ? - help, Q - select action, (/) - cycle Shift-Dir - straight line, f/p - black bear
Aim: a black bear (severely wounded, poisoned, 69% to hit)
You throw a poisoned dart. The poisoned dart hits the black bear.
The black bear looks even sicker.
The black bear is severely wounded.
Throw: 3 darts (poison)
Press: ? - help, Q - select action, (/) - cycle Shift-Dir - straight line, f/p - black bear
Aim: a black bear (severely wounded, very poisoned, 69% to hit)
You throw a poisoned dart. The poisoned dart hits the black bear.
The black bear looks even sicker.
The black bear is severely wounded.
Okay, then.
The black bear goes berserk!
The black bear closely misses you. The black bear misses you.
The black bear claws you.
You hit the black bear.
The black bear is almost dead.
The black bear bites you!
* * * LOW HITPOINT WARNING * * *
The black bear claws you.
You die...

####...## #.
....... #. #...#
#.## #..<###
#... #.....#
#..# #.....#
#.(# #.##..#
#..#######.##..#
#...((...(h@...#
##h#.......##.##
#.#.########.#
#(#.# #.# #h#.#
#.# #.#.####..
#.#
#............#
#...##..... ..
#..... ..>.


You could see a black bear (berserk, very poisoned).

Vanquished Creatures
  2 worms (D:2)
  3 dart slugs
  3 ball pythons
  4 endoplasms
  2 goblins (D:1)
  A hobgoblin (D:1)
  6 jackals
  5 kobolds
  A quokka (D:1)
  5 bats (D:1)
  4 frilled lizards (D:1)
  A rat (D:1)
37 creatures vanquished.

Notes
Turn   | Place    | Note
-------+----------+-------------------------------------------
     0 | D:1      | styxcanada the Spriggan Brigand began the quest for the
                  | Orb.
     0 | D:1      | Reached XP level 1. HP: 10/10 MP: 2/2
    71 | D:1      | Reached skill level 6 in Stealth
   297 | D:1      | Reached XP level 2. HP: 10/14 MP: 3/3
   838 | D:1      | Reached skill level 7 in Stealth
   989 | D:1      | Reached XP level 3. HP: 18/18 MP: 4/4
  1584 | D:2      | Identified the +2 pair of boots of Nauhehimo {rPois rC+}
  1928 | D:3      | Noticed a black bear
  1990 | D:3      | Slain by a black bear

Illustrated notes

Levels and vault maps discovered:
D:1:      zaba_arrival_water, layout_basic
D:2:      layout_basic
D:3:      layout_loops_ring, shapermc_ecumenical_altar_mp_vishouse,
          ebering_ghost_disaster_area, minmay_pentangle

Skill      XL: |  1  2 |
---------------+-------+-----
Stealth        | 6 7 |  7.7
Fighting       | |  1.7
Short Blades   | |  2.3
Throwing       | |  2.0
Dodging        | |  1.8

Action                   || total
-------------------------++-------
Melee: Dagger            ||    86
       Punch             ||     1
Throw: Dart              ||    19
 Stab: Sleeping          ||    17
Armor: Robe              ||     9
Dodge: Dodged            ||    43
